 Dungeon Crawl Stone Soup version 0.27-a0-1065-ge809cff456 (console) character file.

Game seed: 1186483654881149985

743 nht the Firebug (level 7, -6/46 HPs)
             Began as a Demonspawn Fire Elementalist on Apr 23, 2021.
             Was an Initiate of Gozag.
             Shot with an arrow by a centaur (8 damage)
             ... on level 6 of the Dungeon.
             The game lasted 00:11:42 (5339 turns).

nht the Firebug (Demonspawn Fire Elementalist)      Turns: 5339, Time: 00:11:42

Health: -6/46      AC:  8    Str:  8    XL:     7   Next: 47%
Magic:  10/10      EV:  6    Int: 18    God:    Gozag
Gold:   238        SH:  0    Dex: 14    Spells: 5/10 levels left

rFire    . . .     SeeInvis .   j - staff of earth
rCold    . . .     Faith    .   h - +1 buckler
rNeg     . . .     Spirit   .   a - +0 robe
rPois    .         Reflect  .   (no helmet)
rElec    .         Harm     .   (no cloak)
rCorr    .         Rampage  .   t - +0 pair of gloves
Will     .....                  p - +2 pair of boots {Stlth+}
Stlth    ++........             (no amulet)
HPRegen  0.15/turn              (no ring)
MPRegen  0.12/turn              (no ring)

@: brilliant, silenced, held
A: molten scales 1, foul stench 1, powered by death 2
a: Renounce Religion


You were on level 6 of the Dungeon.
You worshipped Gozag.
Gozag was aware of your devotion.
You visited 1 branch of the dungeon, and saw 6 of its levels.

You collected 508 gold pieces.
You spent 225 gold pieces at shops.
You paid 45 gold pieces to Gozag.

Inventory:

Missiles
 q - a throwing net
Armour
 a - a +0 robe (worn)
 h - a +1 buckler (worn)
 p - a +2 pair of boots of stealth (worn)
 t - a +0 pair of gloves (worn)
Magical Staves
 j - a staff of earth (weapon)
Jewellery
 m - an amulet of faith
Scrolls
 d - a scroll of enchant armour
 o - a scroll of enchant weapon {unknown}
 r - a scroll of torment {unknown}
Potions
 b - a potion of cancellation
 c - a potion of resistance
 f - a potion of invisibility
 g - 4 potions of mutation
 i - a potion of brilliance


   Skills:
 - Level 1.7 Dodging
 - Level 1.7 Stealth
 - Level 2.0 Spellcasting
 + Level 5.8 Conjurations
 + Level 6.0 Fire Magic


You had 5 spell levels left.
You knew the following spells:

 Your Spells              Type           Power      Damage    Failure   Level
a - Foxfire               Conj/Fire      100%       2x1d9     2%          1
b - Sticky Flame          Conj/Fire      34%        2d5       26%         4

Your spell library contained the following spells:

 Spells                   Type           Power      Damage    Failure   Level
 Conjure Flame            Conj/Fire      34%        6-21      8%          3
 Dazzling Flash           Conj/Hex       36%        N/A       26%         3
 Inner Flame              Hex/Fire       19%        N/A       26%         3
 Corona                   Hex            2%         N/A       30%         1
 Summon Small Mammal      Summ           8%         N/A       30%         1
 Call Imp                 Summ           2%         N/A       41%         2
 Ensorcelled Hibernation  Hex/Ice        4%         N/A       41%         2
 Fireball                 Conj/Fire      17%        3d9       58%         5
 Call Canine Familiar     Summ           2%         N/A       65%         3
 Confusing Touch          Hex            2%         N/A       65%         3
 Gell's Gravitas          Tloc           1%         N/A       65%         3
 Summon Guardian Golem    Hex/Summ       2%         N/A       65%         3
 Tukima's Dance           Hex            2%         N/A       65%         3
 Petrify                  Tmut/Erth      4%         N/A       96%         4
 Summon Ice Beast         Ice/Summ       2%         N/A       96%         4
 Summon Lightning Spire   Summ/Air       2%         N/A       96%         4
 Metabolic Englaciation   Hex/Ice        1%         N/A       100%        5
 Yara's Violent Unravell  Hex/Tmut       1%         3d3       100%        5


Dungeon Overview and Level Annotations

Branches:
Dungeon (6/15)             Temple (0/1) D:5

Altars:
Elyvilon
Gozag
Kikubaaqudgha
Okawaru
Qazlal
Ru
Trog
Uskayaw

Shops:
D:3 *


Innate Abilities, Weirdness & Mutations

You are partially covered in molten scales. (AC +2)
You may rarely emit foul miasma when damaged in melee.
You regenerate health from kills.


Message History

The gnoll hits you with a +0 halberd. The gnoll closely misses you.
You rip the net and break free!
The centaur closely misses you. x2
The centaur hits you but does no damage.
The centaur kicks you but does no damage.
The gnoll barely misses you. The gnoll hits you with a +0 whip.
You feel less invigorated.
You feel less confused. You block the centaur's attack. The centaur kicks you.
The gnoll hits you from afar with a +0 halberd!
It was a potion of brilliance.
You feel clever all of a sudden.
The centaur hits you but does no damage.
The centaur closely misses you. The gnoll barely misses you.
The centaur hits you but does no damage.
You block the centaur's attack. The gnoll hits you with a +0 whip.
You cannot cast spells when silenced!
The centaur wields a +0 shortbow.
The centaur shoots an arrow.
The arrow hits you but does no damage. The gnoll hits you with a +0 whip.
* * * LOW HITPOINT WARNING * * *
The centaur shoots an arrow.
The arrow hits you but does no damage.
The gnoll throws a throwing net.
The throwing net hits you.
You become entangled in the net!
You see here a throwing net.
You struggle against the net.
The centaur shoots an arrow.
The arrow hits you!
* * * LOW HITPOINT WARNING * * *
You struggle against the net.
The centaur shoots an arrow.
The arrow hits you.
* * * LOW HITPOINT WARNING * * *
The centaur unwields a +0 shortbow.
The centaur hits you but does no damage.
The centaur kicks you but does no damage.
The gnoll barely misses you.
Unknown command.
Okay, then.
You tear a large gash into the net.
The centaur hits you but does no damage.
The centaur kicks you but does no damage.
The centaur shoots an arrow.
The arrow hits you!
You die...
Your body crumbles into a pile of gold. █████████ █.......█ ████.█████ . ███§§.§§§§.█ █.. ████ █.'§§§§g$§.█ g.c ...█████████.█§g§g§.$.█ g.█ ██.██.......§§§§§████.█...█ ....█.████..§.§gc█ █v..█ ..............██@█ █████

....█...███...██.█
.█.██.█.██.....█.█
...............█.█
██.██..........█.█
.............█.█.█
.....<..........c..
....█...█.█.█..█.██
............█..█.█


You could see 2 centaurs and 2 gnolls.

Vanquished Creatures
  An ogre (D:5)
  A phantom (D:5)
  A scorpion (D:5)
  3 bullfrog skeletons (D:5)
  A centaur zombie (D:5)
  A gnoll shaman (D:6)
  2 jellies (D:5)
  A centaur skeleton (D:4)
  Jessica (D:2)
  4 iguanas
  2 gnolls (D:6)
  7 adders
  A white imp (D:5)
  A worm (D:3)
  2 dart slugs (D:1)
  An orc (D:5)
  6 endoplasms
  7 giant cockroaches
  5 goblins
  4 hobgoblins
  9 jackals
  A quokka (D:1)
  8 ball pythons
  A bat (D:3)
  5 frilled lizards
  7 kobolds
  4 rats
87 creatures vanquished.

Vanquished Creatures (others)
  323 foxfires
323 creatures vanquished.

Grand Total: 410 creatures vanquished

Notes
Turn   | Place    | Note
-------+----------+-------------------------------------------
     0 | D:1      | nht the Demonspawn Fire Elementalist began the quest for
                  | the Orb.
     0 | D:1      | Reached XP level 1. HP: 13/13 MP: 3/3
   318 | D:1      | Reached skill level 3 in Fire Magic
   363 | D:1      | Gained mutation: You regenerate a little health from kills.
                  | [demonic ancestry]
   363 | D:1      | Reached XP level 2. HP: 19/19 MP: 3/5
   850 | D:1      | Gained mutation: You may rarely emit foul miasma when
                  | damaged in melee. [demonic ancestry]
   850 | D:1      | Reached XP level 3. HP: 24/24 MP: 0/6
  1573 | D:2      | Noticed Jessica
  1584 | D:2      | Killed Jessica
  1585 | D:2      | Reached XP level 4. HP: 30/30 MP: 3/7
  2120 | D:3      | Reached skill level 4 in Fire Magic
  2151 | D:3      | Found Tomown's Assorted Antiques.
  2167 | D:3      | Bought a scroll labelled ISARUF USMES for 24 gold pieces
  2167 | D:3      | Bought a fuming emerald potion for 21 gold pieces
  2242 | D:3      | Found a faded altar of an unknown god.
  2591 | D:3      | Gained mutation: You are partially covered in molten
                  | scales. (AC +2) [demonic ancestry]
  2591 | D:3      | Reached XP level 5. HP: 28/35 MP: 5/8
  2919 | D:3      | Found a stormy altar of Qazlal.
  2923 | D:3      | Found an ancient bone altar of Kikubaaqudgha.
  2929 | D:3      | Found an opulent altar of Gozag.
  2929 | D:3      | Found a hide-covered altar of Uskayaw.
  2930 | D:3      | Found an iron altar of Okawaru.
  2935 | D:3      | Found a bloodstained altar of Trog.
  2942 | D:3      | Became a worshipper of Gozag Ym Sagoz the Greedy
  3408 | D:4      | Found a sacrificial altar of Ru.
  3622 | D:5      | Entered Level 5 of the Dungeon
  3684 | D:5      | Reached XP level 6. HP: 41/41 MP: 4/9
  3732 | D:5      | Found a staircase to the Ecumenical Temple.
  4014 | D:5      | Learned a level 4 spell: Sticky Flame
  4150 | D:5      | Reached skill level 5 in Fire Magic
  4318 | D:5      | Reached skill level 5 in Conjurations
  4609 | D:5      | Gained mutation: You regenerate health from kills. [demonic
                  | ancestry]
  4609 | D:5      | Reached XP level 7. HP: 46/46 MP: 3/10
  5104 | D:3      | Bought a pair of embroidered boots for 180 gold pieces
  5311 | D:6      | Reached skill level 6 in Fire Magic
  5338 | D:6      | HP: 2/46 [centaur/arrow (3)]
  5339 | D:6      | Shot with an arrow by a centaur

Illustrated notes

Levels and vault maps discovered:
D:1:      ncdulo_smallfort, layout_rooms
D:2:      layout_loops_ring, uniq_jessica
D:3:      layout_loops_corners, minitemple, shapermc_ecumenical_altar_venn,
          serial_shops, shop
D:4:      layout_cave_pools, nicolae_ru_awakened_eye, abandoned_shop
D:5:      layout_rooms, minmay_temple_entry_stoned_glass
D:6:      layout_basic, minmay_manual_mares

Skill      XL: |  1  2  3  4  5  6  7 |
---------------+----------------------+-----
Fire Magic     | 3 4 5 6 |  6.0
Conjurations   | 2 3 4 5 |  5.8
Dodging        | |  1.7
Stealth        | |  1.7
Spellcasting   | |  2.0

Action                   |  1- 3 |  4- 6 |  7- 9 || total
-------------------------+-------+-------+-------++-------
Melee: Unarmed           |    27 |     2 |       ||    29
       Staff             |       |       |     7 ||     7
 Cast: Foxfire           |    55 |   100 |    36 ||   191
  Use: Scroll            |     1 |     2 |     5 ||     8
       Potion            |       |       |     3 ||     3
Armor: Robe              |     6 |     8 |    15 ||    29
Dodge: Dodged            |    29 |    19 |    20 ||    68
Block: Buckler           |       |       |     4 ||     4

Table legend: (Time is in decaauts)
 A = Elapsed time spent in this place.
 B = Non-inter-level travel time spent in this place.
 C = Inter-level travel time spent in this place.
 D = Time resting spent in this place.
 E = Time spent auto-exploring this place.
 F = Levels seen in this place.
 G = Mean time per level.
                   A        B        C        D        E       F      G
               +--------+--------+--------+--------+--------+-----+--------+
         Total |   5340 |   5118 |    222 |      0 |   4404 |   6 |  890.0 |
       Dungeon |   5340 |   5118 |    222 |      0 |   4404 |   6 |  890.0 |
               +--------+--------+--------+--------+--------+-----+--------+

Top non-repeatable levels by time:
     D:5: 1482 daAuts
     D:1: 1184 daAuts
     D:3: 1019 daAuts
     D:2: 887 daAuts
     D:4: 570 daAuts
     D:6: 196 daAuts
